 Dungeon Crawl Stone Soup version 0.25.1-2-g60ff931df9 (webtiles) character file.

Game seed: 13626373752380556432

1582 Kaptain the Digger (level 8, -19/54 HPs)
             Began as an Octopode Earth Elementalist on Sept 10, 2020.
             Demolished by an orc warrior
             ... wielding a +0 war axe
              (22 damage)
             ... on level 6 of the Dungeon.
             The game lasted 00:20:10 (6995 turns).

Kaptain the Digger (Octopode Earth Elementalist)    Turns: 6995, Time: 00:20:10

Health: -19/54     AC:  8    Str:  7    XL:     8   Next: 92%
Magic:  4/16       EV: 15    Int: 20    God:
Gold:   317        SH:  0    Dex: 12    Spells: 5/17 levels left

rFire    . . .     SeeInvis .   y - +2 flail (protect)
rCold    . . .     Gourm    .   (no shield)
rNeg     . . .     Faith    .   (helmet restricted)
rPois    .         Spirit   .   (no amulet)
rElec    .         Reflect  .   (no ring)
rCorr    .         Harm     .   (no ring)
MR       .....                  (no ring)
Stlth    ++++......             (no ring)
HPRegen  0.18/turn              (no ring)
MPRegen  0.15/turn              (no ring)
                                (no ring)
                                (no ring)

@: protection aura, very slightly contaminated
A: almost no armour, stealthy swim, amphibious, 8 rings, constrict 8, camouflage
1, gelatinous body 1
a: no special abilities


You were on level 6 of the Dungeon.
You were hungry.

You visited 2 branches of the dungeon, and saw 8 of its levels.

You collected 317 gold pieces.

Inventory:

Hand Weapons
 f - a +0 trident
 w - a +0 quarterstaff of holy wrath
 x - a +2 dagger of protection
 y - a +2 flail of protection (weapon)
Missiles
 b - 41 stones (quivered)
 m - 18 boomerangs
Jewellery
 B - an uncursed ring of protection from cold
Scrolls
 g - a scroll of immolation
 p - 2 scrolls of fog
 q - a scroll of enchant armour
 r - 5 scrolls of teleportation
 t - a scroll of remove curse
Potions
 a - 4 potions of curing
 d - a potion of resistance {unknown}
 e - 2 potions of invisibility
 h - 2 potions of heal wounds
 i - a potion of might
 j - a potion of ambrosia {unknown}
 k - a potion of berserk rage {unknown}
 l - a potion of mutation {unknown}
 n - 2 potions of flight
 o - 2 potions of lignification {unknown}
 s - 3 potions of brilliance
 u - a potion of stabbing {unknown}
 z - a potion of degeneration {unknown}
Comestibles
 c - 9 rations
 D - a chunk of flesh


   Skills:
 * Level 4.5 Fighting
 + Level 4.3 Dodging
 + Level 6.1 Stealth
 * Level 5.4 Spellcasting
 - Level 1.0 Transmutations
 * Level 6.4 Earth Magic


You had 5 spell levels left.
You knew the following spells:

 Your Spells              Type           Power        Failure   Level  Hunger
a - Sandblast             Erth           ####..       1%          1    None
b - Passwall              Tmut/Erth      ###.....     3%          2    None
c - Stone Arrow           Conj/Erth      ###...       9%          3    ##.....
d - Lee's Rapid Deconstr  Erth           ####......   22%         5    #####..
e - Animate Skeleton      Necr           N/A          11%         1    None

Your spell library contained the following spells:

 Spells                   Type           Power        Failure   Level  Hunger
 Apportation              Tloc           #.....       11%         1    None
 Corona                   Hex            #......      11%         1    None
 Foxfire                  Conj/Fire      #...         11%         1    None
 Summon Small Mammal      Summ           #...         11%         1    None
 Petrify                  Tmut/Erth      ###.....     24%         4    ####...


Dungeon Overview and Level Annotations

Branches:
Dungeon (7/15)             Temple (1/1) D:6

Altars:
Ashenzari
Cheibriados
Dithmenos
Elyvilon
Fedhas
Gozag
Hepliaklqana
Kikubaaqudgha
Makhleb
Nemelex Xobeh
Qazlal
Sif Muna
Trog
Uskayaw
Vehumet
Wu Jian
Xom
Yredelemnul
Zin
Lugonu


Innate Abilities, Weirdness & Mutations

You cannot wear most types of armour.
You are very stealthy in the water. (Stealth+)
You are amphibious.
You can wear up to eight rings at the same time.
You can use your tentacles to constrict eight enemies at once.
Your skin changes colour to match your surroundings (Stealth+).
Your rubbery body absorbs attacks. (AC +1, EV +1)


Message History

The orc warrior is severely wounded.
You constrict the orc warrior, but do no damage.
The orc warrior hits you with a +0 war axe.
You hit the orc warrior but do no damage.
Your weapon exudes an aura of protection.
The orc warrior is severely wounded.
You constrict the orc warrior.
The orc warrior hits you with a +0 war axe!
* * * LOW HITPOINT WARNING * * *
Casting: Sandblast (safe; 1% risk of failure)
Confirm with . or Enter, or press ? or * to list all spells.
Aiming: Sandblast (safe; 1% risk of failure)
Press: ? - help, Shift-Dir - straight line, f/p - orc warrior
Aim: an orc warrior, wielding a +0 war axe and wearing a +4 chain mail (severely wounded, constricted by you)
The blast of sand hits the orc warrior but does no damage.
The orc warrior is severely wounded.
b - 41 stones You constrict the orc warrior.
The orc warrior hits you with a +0 war axe!!
You die...

#.# #.# #.#.# #.# #.# #.#.#
##.# #.# #.#.# ...# #.#
#########.#.####### ##.###.#
#.>........)......# ##.##.#
#.############....# #.##.# #.#
#.........#..#
##.##.#######.####.#######....#
##.###..[.)[...o@...# ##.#.#
.........[...#.###### ####.#.#
.#####.#####.#.# #......## ##
#.# #.#.# #.##..... #.#####.#.#
#.####### #.........# #.#
######.#####.### #.# ....##.#
#.# #.# ###.##.# #.# #.#


You could see an orc warrior.

Vanquished Creatures
  Edmund (D:5)
  Menkaure (D:4)
  A phantom (D:5)
  2 ogres (D:6)
  A bullfrog (D:6)
  Blork the orc (D:6)
  2 scorpions
  A howler monkey (D:4)
  A crimson imp (D:5)
  A bullfrog zombie (D:6)
  A hound (D:6)
  6 orc priests
  A bullfrog skeleton (D:4)
  5 orc wizards
  3 iguanas
  3 worker ants (D:4)
  A gnoll (D:1)
  9 adders
  2 oozes
  2 worms
  A dart slug (D:3)
  4 leopard geckos
  23 orcs
  5 giant cockroaches
  8 goblins
  3 hobgoblins
  11 jackals
  5 quokkas
  6 bats
  2 frilled lizards
  7 kobolds
  6 rats
126 creatures vanquished.

Notes
Turn   | Place    | Note
-------+----------+-------------------------------------------
     0 | D:1      | Kaptain the Octopode Earth Elementalist began the quest for
                  | the Orb.
     0 | D:1      | Reached XP level 1. HP: 11/11 MP: 3/3
    38 | D:1      | Found a shattered altar of Ashenzari.
   213 | D:1      | Reached XP level 2. HP: 17/17 MP: 0/5
   439 | D:1      | Learned a level 2 spell: Passwall
   637 | D:1      | Reached XP level 3. HP: 11/22 MP: 4/6
  1323 | D:2      | Reached skill level 1 in Fighting
  1323 | D:2      | Reached XP level 4. HP: 26/28 MP: 2/8
  1545 | D:2      | Found a hide-covered altar of Uskayaw.
  2543 | D:3      | Found a shimmering altar of Xom.
  2569 | D:3      | Learned a level 3 spell: Stone Arrow
  2594 | D:3      | Reached XP level 5. HP: 33/33 MP: 9/9
  3196 | D:4      | Reached XP level 6. HP: 26/39 MP: 7/11
  3604 | D:4      | Found a hazy altar of Hepliaklqana.
  3712 | D:4      | Noticed Menkaure
  3714 | D:4      | Killed Menkaure
  3714 | D:4      | Reached XP level 7. HP: 25/45 MP: 9/12
  4187 | D:4      | Found a shattered altar of Ashenzari.
  4187 | D:4      | Found an ancient bone altar of Kikubaaqudgha.
  4188 | D:4      | Found a burning altar of Makhleb.
  4232 | D:4      | Found an opulent altar of Gozag.
  4249 | D:4      | Reached skill level 5 in Earth Magic
  4308 | D:4      | Found a blossoming altar of Fedhas.
  4309 | D:4      | Found a basalt altar of Yredelemnul.
  4595 | D:5      | Entered Level 5 of the Dungeon
  4627 | D:5      | Reached skill level 5 in Stealth
  5126 | D:5      | Reached XP level 8. HP: 52/52 MP: 11/14
  5226 | D:5      | Noticed Edmund
  5234 | D:5      | Learned a level 5 spell: Lee's Rapid Deconstruction
  5236 | D:5      | Learned a level 1 spell: Animate Skeleton
  5254 | D:5      | Killed Edmund
  5523 | D:5      | Found a bloodstained altar of Trog.
  5816 | D:5      | Found a shimmering blue altar of Sif Muna.
  5830 | D:5      | Identified Sif Muna's Reference Book on Conjuration
  6013 | D:6      | Noticed Blork the orc
  6024 | D:6      | Killed Blork the orc
  6024 | D:6      | Reached skill level 5 in Spellcasting
  6589 | D:6      | Found a staircase to the Ecumenical Temple.
  6596 | Temple   | Entered the Ecumenical Temple
  6995 | D:6      | Demolished by an orc warrior

Illustrated notes

Levels and vault maps discovered:
D:1:      scummos_arrival_forest, layout_rooms, nicolae_ashenzari_panopticon
D:2:      layout_loops_ring, eat_drink_and_be_merry_uskayaw
D:3:      layout_loops_ring, nicolae_overflow_hidden_temple
D:4:      layout_loops_cross, grunt_temple_overflow_open,
          gammafunk_temple_overflow_claw, lemuel_doored_altar, first_ration,
          grunt_ministairs_6, uniq_menkaure
D:5:      layout_loops_ring, led_sif_book, basic_altar, uniq_edmund
D:6:      layout_loops_ring, minmay_temple_entry_butterflies, uniq_blork_the_orc
D:7:      layout_basic, okawaru_gym_becter, uniq_harold
Temple:   corrupted_temple

Skill      XL: |  1  2  3  4  5  6  7  8 |
---------------+-------------------------+-----
Stealth        | 3 4 5 6 |  6.1
Fighting       | 1 2 3 4 |  4.5
Spellcasting   | 3 4 5 |  5.4
Earth Magic    | 4 5 6 |  6.4
Dodging        | 3 4 |  4.3
Transmutations | |  1.0

Action                   |  1- 3 |  4- 6 |  7- 9 || total
-------------------------+-------+-------+-------++-------
Melee: Dagger            |    32 |       |    27 ||    59
       Constrict         |     7 |     8 |    16 ||    31
       Tentacles         |     3 |     7 |     7 ||    17
       Short sword       |     8 |    34 |       ||    42
       Flail             |       |       |    31 ||    31
 Cast: Sandblast         |    26 |    35 |    94 ||   155
       Stone Arrow       |       |     1 |    11 ||    12
  Use: Scroll            |       |     3 |    11 ||    14
 Stab: Sleeping          |     7 |     9 |    11 ||    27
       Distracted        |     1 |       |     1 ||     2
  Eat: Chunk             |     1 |     7 |    11 ||    19
Armor: Skin              |     4 |       |     9 ||    13
Dodge: Dodged            |    30 |    22 |    38 ||    90
